[Event "ICC tourney 2075 (75 10)"]
[Site "Internet Chess Club"]
[Date "2020.10.24"]
[Round "1"]
[White "MehPlayer"]
[Black "VirginiaGuy"]
[Result "1-0"]
[ICCResult "Black resigns"]
[WhiteElo "1613"]
[BlackElo "1368"]
[Opening "Queen's pawn, Mason variation"]
[ECO "D00"]
[NIC "QP.08"]
[Time "11:03:29"]
[PlyCount "25"]
[TimeControl "4500+10"]

1. d4 d5 2. Bf4 g6 3. e3 Nf6 4. c4 e6 5. Nc3 Bg7 6. h4 O-O 7. h5 Nxh5 8.
Rxh5 gxh5 9. Qxh5 Qf6 10. Bd3 h6 11. g4 Re8 12. g5 hxg5 13. Bxg5 { Black
resigns } 1-0

[Event "ICC tourney 2075 (75 10)"]
[Site "Internet Chess Club"]
[Date "2020.10.24"]
[Round "1"]
[White "yogokings12"]
[Black "joeandjoe28"]
[Result "1-0"]
[ICCResult "Black checkmated"]
[WhiteElo "1692"]
[BlackElo "1384"]
[Opening "KGA: bishop's gambit, classical defense"]
[ECO "C33"]
[NIC "KG.03"]
[Time "11:03:30"]
[PlyCount "61"]
[TimeControl "4500+10"]

1. e4 e5 2. f4 exf4 3. Bc4 Qh4+ 4. Kf1 g5 5. Nf3 Qh6 6. Nc3 d6 7. h4 Bg4 8.
Nd5 Kd8 9. Kf2 gxh4 10. d4 Nf6 11. Bxf4 Qg6 12. Nxf6 Qxf6 13. Bg5 Qxg5 14.
Nxg5 Bxd1 15. Nxf7+ Ke7 16. Raxd1 Rg8 17. Nxd6 Rg4 18. Nf5+ Kd7 19. Kf3 Rg6
20. Rxh4 h6 21. e5 Nc6 22. Bf7 Rg5 23. Nxh6 Bxh6 24. Rxh6 Rf5+ 25. Ke4 Rg5
26. Be6+ Ke7 27. Rh7+ Kd8 28. Rf1 Rg4+ 29. Bxg4 Ke8 30. Bh5+ Kd8 31. Rf8# {
Black checkmated } 1-0

[Event "ICC tourney 2075 (75 10)"]
[Site "Internet Chess Club"]
[Date "2020.10.24"]
[Round "1"]
[White "vihaan2011"]
[Black "subielife"]
[Result "1-0"]
[ICCResult "Black checkmated"]
[WhiteElo "1508"]
[BlackElo "1499"]
[Opening "Owen defense"]
[ECO "B00"]
[NIC "VO.01"]
[Time "11:03:25"]
[PlyCount "91"]
[TimeControl "4500+10"]

1. e4 b6 2. d4 e6 3. Nc3 Bb7 4. Nf3 Bb4 5. Bd3 Nf6 6. e5 Ne4 7. Bxe4 Bxc3+
8. bxc3 Bxe4 9. Ba3 d6 10. exd6 cxd6 11. O-O O-O 12. Re1 Bd5 13. Nd2 Qc7
14. Ne4 Bxe4 15. Rxe4 Nd7 16. Re3 Rfd8 17. Rg3 Nf6 18. Qf3 Ne8 19. Re1 Rac8
20. Re4 Qc4 21. h3 Qxa2 22. Reg4 Qxa3 23. Rxg7+ Nxg7 24. Qf6 Qc1+ 25. Kh2
Qh6 26. Qxh6 Kf8 27. Rxg7 Ke7 28. Qg5+ Kd7 29. Rxf7+ Kc6 30. Rxa7 Rg8 31.
Qe3 Rg6 32. Qf3+ Kb5 33. Qe2+ Rc4 34. Rc7 d5 35. Rxc4 dxc4 36. Qe5+ Kc6 37.
g4 b5 38. Qc5+ Kd7 39. Qxb5+ Ke7 40. Qb7+ Kd6 41. Qxh7 Rf6 42. Kg3 Kd5 43.
Qb7+ Kd6 44. Qb4+ Kd5 45. Qc5+ Ke4 46. Qe5# { Black checkmated } 1-0

[Event "ICC tourney 2075 (75 10)"]
[Site "Internet Chess Club"]
[Date "2020.10.24"]
[Round "1"]
[White "georgianknight"]
[Black "Jeffchess"]
[Result "0-1"]
[ICCResult "White checkmated"]
[WhiteElo "1435"]
[BlackElo "1315"]
[Opening "Caro-Kann defense"]
[ECO "B12"]
[NIC "CK.01"]
[Time "11:03:24"]
[PlyCount "164"]
[TimeControl "4500+10"]

1. e4 c6 2. d4 e5 3. Nf3 exd4 4. Nxd4 Bc5 5. Nc3 Ne7 6. Be3 O-O 7. Qd2 d5
8. Bd3 b6 9. O-O Bxd4 10. Bxd4 c5 11. Be5 d4 12. Nb5 Nbc6 13. Bg3 Ba6 14.
Nc7 Bxd3 15. cxd3 Rc8 16. Nb5 Qd7 17. Na3 f5 18. f3 Ng6 19. Bf2 f4 20. Rfe1
Nge5 21. Rac1 Qh3 22. Qc2 Nxf3+ 23. gxf3 Rf6 24. Kh1 Rg6 25. Bg3 Rxg3 26.
Rg1 Rxg1+ 27. Rxg1 Qxf3+ 28. Qg2 Qxg2+ 29. Rxg2 Ne5 30. Rd2 f3 31. Nc4 Nxc4
32. dxc4 Re8 33. Rf2 Rxe4 34. Rxf3 Re1+ 35. Kg2 Re2+ 36. Rf2 Rxf2+ 37. Kxf2
Kf7 38. Kf3 Kg6 39. a3 Kh5 40. b4 g5 41. b5 Kh4 42. a4 Kh3 43. a5 bxa5 44.
Ke4 Kxh2 45. Kd5 d3 46. Kxc5 d2 47. b6 axb6+ 48. Kxb6 d1=Q 49. c5 Qb3+ 50.
Kc7 a4 51. c6 a3 52. Kd7 a2 53. c7 Qd5+ 54. Kc8 Qg8+ 55. Kb7 Qf7 56. Kb8
Qxc7+ 57. Kxc7 a1=N 58. Kd6 h6 59. Ke6 h5 60. Kf5 g4 61. Kg5 g3 62. Kxh5 g2
63. Kg4 g1=Q+ 64. Kf5 Qd4 65. Ke6 Nb3 66. Kf5 Nc5 67. Kg6 Ne6 68. Kf7 Qd7+
69. Kg6 Qe8+ 70. Kf5 Kh3 71. Ke4 Kg4 72. Kd5 Kf5 73. Kc4 Ke4 74. Kc3 Qc6+
75. Kb3 Qc5 76. Kb2 Kd3 77. Kb3 Qc4+ 78. Kb2 Nd4 79. Ka3 Nc2+ 80. Kb2 Qb4+
81. Ka2 Na3 82. Ka1 Qb1# { White checkmated } 0-1

[Event "ICC tourney 2075 (75 10)"]
[Site "Internet Chess Club"]
[Date "2020.10.24"]
[Round "1"]
[White "thihansa"]
[Black "ajiteshgari"]
[Result "0-1"]
[ICCResult "White checkmated"]
[WhiteElo "1200"]
[BlackElo "1498"]
[Opening "Two knights defense (Modern bishop's opening)"]
[ECO "C55"]
[NIC "IG.01"]
[Time "11:04:19"]
[PlyCount "154"]
[TimeControl "4500+10"]

1. e4 e5 2. Nf3 Nc6 3. Bc4 Nf6 4. d3 h6 5. c3 d6 6. Bb3 Be7 7. h3 O-O 8.
O-O Be6 9. Bc2 Re8 10. Nbd2 Qd7 11. Re1 Rad8 12. Nf1 a6 13. Ng3 Nh7 14. Be3
Bf6 15. a3 d5 16. Qe2 d4 17. cxd4 Nxd4 18. Nxd4 exd4 19. Bd2 Bg5 20. Rac1
Bxd2 21. Qxd2 c6 22. Ne2 Ng5 23. Nf4 Bxh3 24. Nxh3 Nxh3+ 25. gxh3 Qxh3 26.
f4 Rd6 27. f5 g6 28. Qh2 Qg4+ 29. Kf2 Rf6 30. Qg3 gxf5 31. exf5 Rxf5+ 32.
Kg2 Qxg3+ 33. Kxg3 Ree5 34. Rxe5 Rxe5 35. Kf4 Re2 36. Kf3 Re3+ 37. Kf2 Rh3
38. Rg1+ Kf8 39. Rg3 Rh2+ 40. Rg2 Rxg2+ 41. Kxg2 Kg7 42. Kg3 Kf6 43. Kg4 b6
44. Bb3 Kg6 45. Bd1 f5+ 46. Kf4 Kf6 47. Bf3 c5 48. Bb7 a5 49. Ba6 h5 50.
Bc4 h4 51. Bd5 b5 52. b3 h3 53. Kg3 Ke5 54. Bf3 h2 55. Kxh2 Kf4 56. Bg2 Ke3
57. Bh3 f4 58. Bf1 f3 59. Kg1 Kd2 60. Kf2 Kc3 61. Kxf3 Kxb3 62. Ke4 Kxa3
63. Kd5 b4 64. Be2 b3 65. Bd1 b2 66. Bc2 Kb4 67. Bb1 a4 68. Ba2 a3 69. Kc6
Kc3 70. Kxc5 Kxd3 71. Kb4 Kc2 72. Kxa3 d3 73. Bb3+ Kc3 74. Ba2 d2 75. Bb1
d1=Q 76. Ba2 b1=Q 77. Bxb1 Qb3# { White checkmated } 0-1

[Event "ICC tourney 2075 (75 10)"]
[Site "Internet Chess Club"]
[Date "2020.10.24"]
[Round "1"]
[White "Chessnaught"]
[Black "dangdang2000"]
[Result "1-0"]
[ICCResult "Black checkmated"]
[WhiteElo "1487"]
[BlackElo "1192"]
[Opening "Nimzovich-Larsen attack: modern variation"]
[ECO "A01"]
[NIC "VO.08"]
[Time "11:03:58"]
[PlyCount "79"]
[TimeControl "4500+10"]

1. b3 e5 2. Bb2 Nc6 3. e3 Nf6 4. Bb5 d6 5. Nf3 Be7 6. O-O O-O 7. h3 a6 8.
Be2 Be6 9. c4 Qd7 10. d4 exd4 11. exd4 Bf5 12. d5 Nd8 13. Nbd2 c6 14. Nd4
cxd5 15. Nxf5 Qxf5 16. Bf3 Re8 17. cxd5 Nxd5 18. Be4 Qg5 19. h4 Qxh4 20.
Bxd5 Bg5 21. Nf3 Qh6 22. Nxg5 Qxg5 23. Qf3 Rb8 24. Rfe1 Ne6 25. Bxe6 fxe6
26. Rad1 d5 27. Re5 Qh6 28. Qg3 g6 29. Rxe6 Red8 30. Rxd5 Rdc8 31. Qe5 Rc1+
32. Bxc1 Qxc1+ 33. Kh2 Qh6+ 34. Kg1 Qc1+ 35. Qe1 Qh6 36. Re8+ Rxe8 37.
Qxe8+ Kg7 38. Qe7+ Kg8 39. Rd8+ Qf8 40. Rxf8# { Black checkmated } 1-0

[Event "ICC tourney 2075 (75 10)"]
[Site "Internet Chess Club"]
[Date "2020.10.24"]
[Round "1"]
[White "aakashjr"]
[Black "FlowingMelody"]
[Result "1-0"]
[ICCResult "Black checkmated"]
[WhiteElo "1513"]
[BlackElo "1318"]
[Opening "Giuoco Piano: Möller (Therkatz) attack"]
[ECO "C54"]
[NIC "IG.02"]
[Time "11:03:27"]
[PlyCount "133"]
[TimeControl "4500+10"]

1. e4 e5 2. Nf3 Nc6 3. Bc4 Bc5 4. c3 Nf6 5. d4 exd4 6. cxd4 Bb4+ 7. Nc3
Nxe4 8. O-O Bxc3 9. d5 Bf6 10. Re1 Ne7 11. Rxe4 d6 12. Bg5 Bxg5 13. Nxg5 h6
14. Bb5+ Bd7 15. Bxd7+ Qxd7 16. Qe2 hxg5 17. Re1 O-O 18. Rxe7 Qc8 19. Qh5
Qf5 20. h4 Qxd5 21. hxg5 Rac8 22. R1e3 g6 23. Qg4 Qf5 24. Qh4 Qb1+ 25. Kh2
Qxb2 26. Rb3 Qh8 27. Qxh8+ Kxh8 28. Rxb7 Kg7 29. Rbxc7 Rh8+ 30. Kg3 Rxc7
31. Rxc7 Rh5 32. f4 Rh1 33. Rxa7 d5 34. Kf2 d4 35. Rd7 Ra1 36. Rxd4 Rxa2+
37. Kf3 Ra3+ 38. Ke2 Ra2+ 39. Rd2 Rxd2+ 40. Kxd2 f6 41. gxf6+ Kxf6 42. g4
Ke6 43. Ke3 Kf6 44. Ke4 Ke6 45. g5 Kd6 46. f5 gxf5+ 47. Kxf5 Ke7 48. Kg6
Kf8 49. Kh7 Kf7 50. g6+ Kf6 51. g7 Kf5 52. g8=Q Ke5 53. Qf7 Kd4 54. Qe6 Kc5
55. Qd7 Kc4 56. Qd6 Kc3 57. Qd5 Kc2 58. Qd4 Kb3 59. Qc5 Kb2 60. Qc4 Ka1 61.
Kg6 Kb2 62. Kf5 Ka1 63. Qb4 Ka2 64. Ke4 Ka1 65. Kd3 Ka2 66. Kc2 Ka1 67.
Qa5# { Black checkmated } 1-0

[Event "ICC tourney 2075 (75 10)"]
[Site "Internet Chess Club"]
[Date "2020.10.24"]
[Round "1"]
[White "Kfprasanna"]
[Black "APBrain"]
[Result "0-1"]
[ICCResult "White resigns"]
[WhiteElo "1365"]
[BlackElo "1613"]
[Opening "Sicilian: closed, 2...Nc6"]
[ECO "B23"]
[NIC "SI.44"]
[Time "11:03:34"]
[PlyCount "204"]
[TimeControl "4500+10"]

1. e4 c5 2. Nc3 Nc6 3. Bb5 g6 4. d3 Bg7 5. Bd2 e5 6. Bc4 Nge7 7. Nf3 O-O 8.
O-O d6 9. Bg5 h6 10. Bxe7 Nxe7 11. Nd5 Nxd5 12. Bxd5 Rb8 13. b3 Be6 14. Bc4
b5 15. Bxe6 fxe6 16. c3 d5 17. exd5 exd5 18. d4 e4 19. Ne1 cxd4 20. cxd4
Qb6 21. Nc2 Rbc8 22. Nb4 Rfd8 23. Nc2 a5 24. Re1 Rc3 25. Qd2 Rd3 26. Qe2
Bxd4 27. Nxd4 Qxd4 28. Qg4 Kg7 29. Qf4 Rf8 30. Qc7+ Rf7 31. Qxa5 Qxf2+ 32.
Kh1 Rd2 33. Rg1 e3 34. Qxb5 e2 35. Rae1 d4 36. Qe5+ Qf6 37. Rxe2 Qxe5 38.
Rxe5 Rd7 39. h3 Rxa2 40. Rd1 Rb2 41. Rd3 g5 42. Re4 Kg6 43. Rdxd4 Rxd4 44.
Rxd4 Rxb3 45. Rd6+ Kh5 46. Kh2 Rb2 47. Rf6 Rd2 48. Kg3 Rd7 49. Kf3 Rh7 50.
g3 Rh8 51. Rf7 Kg6 52. Rd7 Rf8+ 53. Kg2 Rf6 54. g4 Ra6 55. Rd2 Re6 56. Kf3
Kf6 57. Rd5 Ra6 58. Rd3 Ke5 59. Re3+ Kd4 60. Re4+ Kd5 61. Re3 Rf6+ 62. Kg3
Kd4 63. Ra3 Rc6 64. Rf3 Re6 65. Kf2 Rd6 66. Kg3 Ke4 67. Ra3 Rd4 68. Ra6
Rd3+ 69. Kg2 Rd2+ 70. Kg3 Rd3+ 71. Kg2 Rd2+ 72. Kg3 Rd3+ 73. Kg2 Kf4 74.
Rxh6 Rd2+ 75. Kf1 Kg3 76. Rh5 Rd5 77. Ke2 Ra5 78. Ke3 Ra3+ 79. Ke4 Ra5 80.
Kd4 Kf4 81. Kc4 Ra4+ 82. Kb5 Ra3 83. Kc6 Rd3 84. Rh8 Rd1 85. Rf8+ Kg3 86.
Rf5 Kh4 87. Kc5 Rd3 88. Kc4 Rxh3 89. Kd4 Kxg4 90. Ke4 Ra3 91. Rf8 Kg3 92.
Rg8 g4 93. Rg7 Kh3 94. Rh7+ Kg2 95. Kf4 g3 96. Rg7 Kf2 97. Ke4 g2 98. Rf7+
Ke1 99. Rg7 Ra2 100. Kf3 Kf1 101. Rc7 Ra3+ 102. Kg4 g1=Q+ { White resigns }
0-1

[Event "ICC tourney 2075 (75 10)"]
[Site "Internet Chess Club"]
[Date "2020.10.24"]
[Round "1"]
[White "Florina12345"]
[Black "kinpin007"]
[Result "0-1"]
[ICCResult "White resigns"]
[WhiteElo "1327"]
[BlackElo "1528"]
[Opening "Caro-Kann: classical, Spassky variation"]
[ECO "B19"]
[NIC "CK.12"]
[Time "11:03:27"]
[PlyCount "120"]
[TimeControl "4500+10"]

1. e4 c6 2. d4 d5 3. Nc3 dxe4 4. Nxe4 Bf5 5. Ng3 Bg6 6. h4 h6 7. Nf3 Nd7 8.
h5 Bh7 9. Bd3 Bxd3 10. Qxd3 Ngf6 11. Bd2 e6 12. O-O-O Bd6 13. Ne4 Nxe4 14.
Qxe4 Nf6 15. Qe2 Qb6 16. c4 Qa6 17. Kb1 O-O-O 18. Bc3 Be7 19. Ne5 Rhf8 20.
g4 c5 21. f4 Nd7 22. Rhf1 Nxe5 23. fxe5 cxd4 24. Rxd4 Rxd4 25. Bxd4 b6 26.
Qd3 g6 27. hxg6 fxg6 28. Rxf8+ Bxf8 29. Qxg6 Qxc4 30. Qe8+ Kb7 31. Qxf8
Qxd4 32. Qf3+ Kc7 33. Kc2 Qxe5 34. Qf7+ Kc6 35. Qxa7 Qe4+ 36. Kb3 Qxg4 37.
Qa8+ Kd6 38. Qd8+ Kc5 39. Qc7+ Kb5 40. Qd7+ Kc5 41. Qc7+ Kd5 42. Qxb6 Qc4+
43. Ka3 Qc5+ 44. Qxc5+ Kxc5 45. b4+ Kb5 46. Kb3 h5 47. a4+ Ka6 48. Kc4 h4
49. Kc5 h3 50. b5+ Kb7 51. a5 h2 52. a6+ Ka7 53. Kd6 h1=Q 54. Kxe6 Qh6+ 55.
Kd7 Qb6 56. Kc8 Qxb5 57. Kc7 Qb6+ 58. Kc8 Kxa6 59. Kd7 Kb5 60. Kc8 Qa7 {
White resigns } 0-1

[Event "ICC tourney 2075 (75 10)"]
[Site "Internet Chess Club"]
[Date "2020.10.24"]
[Round "1"]
[White "chessplayer3740"]
[Black "riachuvspikachu"]
[Result "0-1"]
[ICCResult "White resigns"]
[WhiteElo "1321"]
[BlackElo "1616"]
[Opening "Sicilian"]
[ECO "B56"]
[NIC "SI.25"]
[Time "11:08:17"]
[PlyCount "74"]
[TimeControl "4500+10"]

1. e4 c5 2. Nf3 d6 3. d4 cxd4 4. Nxd4 Nf6 5. Nc3 Nc6 6. Nb3 e6 7. Bc4 a6 8.
a4 Bd7 9. O-O Be7 10. Bf4 O-O 11. Bxd6 Bxd6 12. Qxd6 Qb6 13. a5 Qb4 14.
Qxb4 Nxb4 15. Bd3 Nxd3 16. cxd3 Bc6 17. Nc5 Rad8 18. b4 Rd4 19. Rab1 Nd7
20. Nxd7 Rxd7 21. Rfd1 Rfd8 22. f3 Rxd3 23. Rxd3 Rxd3 24. Ne2 e5 25. Ng3 g6
26. Kf1 Bb5 27. Kg1 Ba4 28. Ne2 Bb5 29. Ng3 Rd2 30. h3 Bd7 31. Kf1 Bb5+ 32.
Kg1 Bd3 33. Rb3 f5 34. Kh1 f4 35. Rxd3 Rxd3 36. Ne2 Re3 37. Ng1 Rb3 { White
resigns } 0-1

[Event "ICC tourney 2075 (75 10)"]
[Site "Internet Chess Club"]
[Date "2020.10.24"]
[Round "1"]
[White "jason54312"]
[Black "ethanpu"]
[Result "0-1"]
[ICCResult "White resigns"]
[WhiteElo "1502"]
[BlackElo "1364"]
[Opening "Two knights defense (Modern bishop's opening)"]
[ECO "C55"]
[NIC "IG.01"]
[Time "11:03:29"]
[PlyCount "148"]
[TimeControl "4500+10"]

1. e4 e5 2. Nf3 Nc6 3. Bc4 Nf6 4. d3 d5 5. exd5 Nxd5 6. Qe2 Qd6 7. Nc3 Nxc3
8. bxc3 Be7 9. O-O Bg4 10. h3 Bxf3 11. Qxf3 O-O 12. Rb1 Na5 13. Qd5 Nxc4
14. Qxc4 b6 15. Re1 c6 16. Qe4 f6 17. d4 Rae8 18. dxe5 Qxe5 19. Qxe5 fxe5
20. Rxe5 Bf6 21. Rxe8 Rxe8 22. Bd2 Rd8 23. Be1 Rd5 24. Kf1 Rc5 25. Rb3 Ra5
26. Rb2 Ra3 27. Ke2 Bxc3 28. Bxc3 Rxc3 29. Kd2 Rc5 30. Rb3 Ra5 31. Rc3 Rd5+
32. Ke3 Rd6 33. Ra3 Rd7 34. Rc3 Rc7 35. a4 Kf7 36. a5 bxa5 37. Rc5 a4 38.
Ra5 Re7+ 39. Kf3 Ke6 40. Rxa4 Kd5 41. g4 c5 42. g5 Kc6 43. c4 Rf7+ 44. Kg3
g6 45. Ra6+ Kb7 46. Ra4 Kc6 47. f4 Kb6 48. Kg4 a5 49. h4 Rf5 50. Ra3 Rf8
51. Rb3+ Ka6 52. Rb5 a4 53. Rxc5 a3 54. Rd5 Rf5 55. Rd2 Ka5 56. Rd7 Kb4 57.
Rxh7 a2 58. Rb7+ Ka4 59. Ra7+ Ra5 60. Rxa5+ Kxa5 61. h5 gxh5+ 62. Kxh5 a1=Q
63. f5 Qg7 64. g6 Kb6 65. Kg5 Qe5 66. Kh6 Qf6 67. Kh7 Kc7 68. g7 Qxf5+ 69.
Kh8 Qh5+ 70. Kg8 Kd7 71. c5 Ke7 72. c6 Kf6 73. c7 Qe8+ 74. Kh7 Qg6+ { White
resigns } 0-1

[Event "ICC tourney 2075 (75 10)"]
[Site "Internet Chess Club"]
[Date "2020.10.24"]
[Round "1"]
[White "kgeisenman32"]
[Black "mmoss2932"]
[Result "1/2-1/2"]
[ICCResult "Game drawn because neither player has mating material"]
[WhiteElo "1398"]
[BlackElo "1631"]
[Opening "Queen's pawn game"]
[ECO "D02"]
[NIC "QP.08"]
[Time "11:03:31"]
[PlyCount "135"]
[TimeControl "4500+10"]

1. d4 d5 2. Nf3 e6 3. Bf4 Nf6 4. e3 Bd6 5. Bxd6 Qxd6 6. c3 O-O 7. Bd3 c5 8.
Nbd2 Nc6 9. O-O e5 10. dxe5 Nxe5 11. Nxe5 Qxe5 12. Nf3 Qh5 13. Be2 Qh6 14.
Qb3 b6 15. Rfd1 Be6 16. c4 Rfd8 17. cxd5 Bxd5 18. Bc4 Bxc4 19. Qxc4 Qh5 20.
h3 h6 21. Rd3 Rxd3 22. Qxd3 Qd5 23. Qxd5 Nxd5 24. Rd1 Nf6 25. Ne5 Rc8 26.
a3 c4 27. Rc1 b5 28. b3 c3 29. b4 Ne4 30. Nd3 Rc4 31. Kf1 a5 32. Ke2 axb4
33. Nxb4 Kf8 34. f3 Nc5 35. Nd5 Na4 36. Kd3 Nb2+ 37. Kc2 Na4 38. Rd1 Ke8
39. Rd3 Rc6 40. e4 h5 41. Nxc3 h4 42. Kd2 Nxc3 43. Rxc3 Rg6 44. Kd3 Rxg2
45. Kd4 g5 46. Rc5 Rg3 47. Rxb5 Rxf3 48. a4 f6 49. Rf5 Rxh3 50. Rxf6 Ra3
51. Ke5 Rxa4 52. Kf5 Ra5+ 53. Kg4 Ke7 54. Rh6 Kf7 55. Rd6 Re5 56. Rd4 Kf6
57. Rd6+ Re6 58. Rd4 Kg6 59. Rc4 Kf6 60. Rd4 Ke5 61. Rd5+ Kxe4 62. Rxg5 Rh6
63. Kh3 Kf3 64. Rg4 Rh8 65. Rxh4 Rg8 66. Rc4 Rh8+ 67. Rh4 Rxh4+ 68. Kxh4 {
Game drawn because neither player has mating material } 1/2-1/2

[Event "ICC tourney 2075 (75 10)"]
[Site "Internet Chess Club"]
[Date "2020.10.24"]
[Round "2"]
[White "ethanpu"]
[Black "MehPlayer"]
[Result "1-0"]
[ICCResult "Black resigns"]
[WhiteElo "1384"]
[BlackElo "1587"]
[Opening "Sicilian: Nimzovich-Rossolimo attack (with ...g6, without ...d6)"]
[ECO "B31"]
[NIC "SI.31"]
[Time "14:32:09"]
[PlyCount "25"]
[TimeControl "4500+10"]

1. e4 c5 2. Nf3 Nc6 3. Bb5 g6 4. c3 Bg7 5. d4 cxd4 6. Nxd4 Nxd4 7. cxd4 Qb6
8. Nc3 Qxd4 9. Qxd4 Bxd4 10. Nd5 Be5 11. f4 Bb8 12. Bd2 a6 13. Rc1 { Black
resigns } 1-0

[Event "ICC tourney 2075 (75 10)"]
[Site "Internet Chess Club"]
[Date "2020.10.24"]
[Round "2"]
[White "Jeffchess"]
[Black "aakashjr"]
[Result "0-1"]
[ICCResult "White checkmated"]
[WhiteElo "1297"]
[BlackElo "1513"]
[Opening "Scandinavian defense"]
[ECO "B01"]
[NIC "SD.03"]
[Time "14:32:02"]
[PlyCount "50"]
[TimeControl "4500+10"]

1. e4 d5 2. exd5 Nf6 3. Bb5+ Bd7 4. Qe2 Nxd5 5. Bc4 Nf6 6. Nf3 e6 7. d3 Bc6
8. Bg5 Be7 9. Nc3 Nbd7 10. a3 Bxf3 11. Qxf3 Ne5 12. Qxb7 Nxc4 13. Qc6+ Kf8
14. Qxc4 h6 15. Bf4 Bd6 16. Bxd6+ cxd6 17. Qb4 Rb8 18. Qa4 Rxb2 19. Nb5 Qb6
20. c4 a6 21. O-O-O Qxf2 22. Nc3 Ke7 23. Ne4 Nxe4 24. dxe4 Rhb8 25. Rd2
Qxd2# { White checkmated } 0-1

[Event "ICC tourney 2075 (75 10)"]
[Site "Internet Chess Club"]
[Date "2020.10.24"]
[Round "2"]
[White "ajiteshgari"]
[Black "yogokings12"]
[Result "0-1"]
[ICCResult "White resigns"]
[WhiteElo "1456"]
[BlackElo "1690"]
[Opening "Sicilian: accelerated fianchetto, modern variation"]
[ECO "B34"]
[NIC "SI.44"]
[Time "14:32:07"]
[PlyCount "122"]
[TimeControl "4500+10"]

1. e4 c5 2. Nc3 Nc6 3. Nf3 g6 4. d4 cxd4 5. Nxd4 Nf6 6. Nxc6 bxc6 7. Bg5
Bg7 8. Bc4 h6 9. Be3 d6 10. O-O Ng4 11. Bd4 e5 12. Be3 Nxe3 13. fxe3 O-O
14. Qd3 Be6 15. Rad1 Bxc4 16. Qxc4 Qb6 17. Kh1 Rad8 18. Qd3 Qb7 19. b3 Rd7
20. Na4 Rfd8 21. Rf2 Bf8 22. Rfd2 d5 23. exd5 Rxd5 24. Qe2 Rxd2 25. Rxd2
Rxd2 26. Qxd2 Qb4 27. c3 Qe4 28. h3 Qd5 29. Qe2 f5 30. c4 Qd7 31. e4 Qd4
32. exf5 gxf5 33. Qf1 f4 34. Qe2 Bg7 35. Nb2 e4 36. Nd1 e3 37. Qc2 Kf7 38.
Qf5+ Ke7 39. Qc2 Kd6 40. Qg6+ Kc5 41. Qf5+ Be5 42. Qc2 Qd2 43. Qxd2 exd2
44. Kg1 Kd4 45. Kf2 Kd3 46. Kf3 Kc2 47. Ke2 Bd4 48. b4 h5 49. a4 Kb3 50. b5
cxb5 51. cxb5 Kxa4 52. Kxd2 Kxb5 53. Kd3 Kc5 54. Ke4 a5 55. Kd3 a4 56. Nc3
Bxc3 57. Kxc3 Kd5 58. Kb4 Ke4 59. Kxa4 Ke3 60. Kb4 Kf2 61. g4 fxg3 { White
resigns } 0-1

[Event "ICC tourney 2075 (75 10)"]
[Site "Internet Chess Club"]
[Date "2020.10.24"]
[Round "2"]
[White "sganzb00"]
[Black "kgeisenman32"]
[Result "0-1"]
[ICCResult "White checkmated"]
[WhiteElo "1340"]
[BlackElo "1398"]
[Opening "Sicilian defense"]
[ECO "B34"]
[NIC "SI.33"]
[Time "14:32:03"]
[PlyCount "74"]
[TimeControl "4500+10"]

1. e4 c5 2. Nf3 Nc6 3. d4 cxd4 4. Nxd4 g6 5. Bc4 Bg7 6. Nf3 d6 7. h3 Nf6 8.
Nc3 a6 9. O-O O-O 10. Bf4 b5 11. Bd5 Nxd5 12. exd5 Ne5 13. Nd4 Bb7 14. a3
Nc4 15. b3 Nb6 16. Nde2 Rc8 17. Qd3 Qc7 18. Bd2 Ba8 19. Rad1 Qb7 20. Be3
Rc7 21. Bd4 Nxd5 22. Bxg7 Nxc3 23. f3 Nxe2+ 24. Qxe2 Kxg7 25. Rfe1 Rfc8 26.
Rd2 Qb6+ 27. Kh2 e6 28. Red1 Bd5 29. Qd3 Rc3 30. Qe2 Qc5 31. b4 Qc4 32.
Qxc4 R8xc4 33. Ra1 Rxc2 34. Rd3 R4c3 35. Rd4 Bxf3 36. Kg3 Rxg2+ 37. Kf4 e5#
{ White checkmated } 0-1

[Event "ICC tourney 2075 (75 10)"]
[Site "Internet Chess Club"]
[Date "2020.10.24"]
[Round "2"]
[White "joeandjoe28"]
[Black "Kfprasanna"]
[Result "1/2-1/2"]
[ICCResult "Game drawn by repetition"]
[WhiteElo "1388"]
[BlackElo "1368"]
[Opening "Ruy Lopez: classical defense, 4.c3"]
[ECO "C64"]
[NIC "RL.01"]
[Time "14:32:37"]
[PlyCount "105"]
[TimeControl "4500+10"]

1. e4 e5 2. Nf3 Nc6 3. Bb5 Bc5 4. c3 a6 5. Ba4 Nf6 6. O-O O-O 7. d4 exd4 8.
cxd4 Be7 9. Re1 d6 10. h3 Bd7 11. Nc3 h6 12. Bc2 Nh7 13. Bf4 Ng5 14. Nd5
Nxf3+ 15. Qxf3 Nxd4 16. Qd3 Nxc2 17. Qxc2 Rc8 18. Rac1 c6 19. Nxe7+ Qxe7
20. Rcd1 Qf6 21. Bxd6 Rfe8 22. e5 Qg5 23. Kh1 Bf5 24. Qb3 b5 25. Qa3 Ra8
26. Rc1 Bd7 27. Red1 Rec8 28. Be7 Qf5 29. g4 Qe6 30. f4 Re8 31. Bc5 f6 32.
f5 Qxe5 33. Rxd7 Qf4 34. Rcd1 Re2 35. Qb3+ Kh7 36. Rxg7+ Kxg7 37. Rd7+ Kh8
38. Rh7+ Kxh7 39. Qf7+ Kh8 40. Qxf6+ Kg8 41. Qg6+ Kh8 42. Qf6+ Kg8 43. Qg6+
Kh8 44. Qf6+ Kh7 45. Qg6+ Kh8 46. Qf6+ Kg8 47. Qg6+ Kh8 48. Qf6+ Kh7 49.
Qg6+ Kh8 50. Qf6+ Kh7 51. Qg6+ Kh8 52. Qf6+ Kg8 53. Qg6+ { Game drawn by
repetition } 1/2-1/2

[Event "ICC tourney 2075 (75 10)"]
[Site "Internet Chess Club"]
[Date "2020.10.24"]
[Round "2"]
[White "kinpin007"]
[Black "SunnyDays0"]
[Result "1-0"]
[ICCResult "Black resigns"]
[WhiteElo "1529"]
[BlackElo "1159"]
[Opening "QGD: Tartakower (Makagonov-Bondarevsky) system, 8.cd Nxd5"]
[ECO "D59"]
[NIC "QO.10"]
[Time "14:32:04"]
[PlyCount "43"]
[TimeControl "4500+10"]

1. d4 d5 2. c4 e6 3. Nc3 Nf6 4. Nf3 Be7 5. Bg5 O-O 6. e3 h6 7. Bh4 b6 8.
cxd5 Nxd5 9. Bxe7 Nxe7 10. Be2 Bb7 11. O-O Nd7 12. Qc2 c5 13. dxc5 Nxc5 14.
Rfd1 Qc7 15. Nb5 Qc6 16. Nd6 Rfd8 17. Nxf7 Rd5 18. Rxd5 Qxd5 19. Bc4 Qf5
20. Qxf5 Nxf5 21. N7e5 Rd8 22. b4 { Black resigns } 1-0

[Event "ICC tourney 2075 (75 10)"]
[Site "Internet Chess Club"]
[Date "2020.10.24"]
[Round "2"]
[White "VirginiaGuy"]
[Black "thihansa"]
[Result "1-0"]
[ICCResult "Black checkmated"]
[WhiteElo "1384"]
[BlackElo "1192"]
[Opening "Queen's pawn game"]
[ECO "D05"]
[NIC "QP.08"]
[Time "14:32:51"]
[PlyCount "55"]
[TimeControl "4500+10"]

1. d4 d5 2. Nf3 Nf6 3. e3 e6 4. Bd3 Be7 5. Nbd2 O-O 6. O-O c5 7. b3 Nc6 8.
a3 Bd7 9. Bb2 a6 10. Ne5 Rc8 11. f4 b5 12. c4 bxc4 13. bxc4 cxd4 14. exd4
Qb6 15. Nxc6 Bxc6 16. Rb1 Qd8 17. c5 Rb8 18. Bxa6 Qd7 19. Nf3 Qc7 20. Ne5
Nd7 21. Bd3 Nxe5 22. fxe5 Rb7 23. Rf3 Rfb8 24. Bxh7+ Kf8 25. Ba1 Rxb1 26.
Bxb1 Qa5 27. Rh3 Ba4 28. Rh8# { Black checkmated } 1-0

[Event "ICC tourney 2075 (75 10)"]
[Site "Internet Chess Club"]
[Date "2020.10.24"]
[Round "2"]
[White "APBrain"]
[Black "vihaan2011"]
[Result "1-0"]
[ICCResult "Black resigns"]
[WhiteElo "1598"]
[BlackElo "1289"]
[Opening "Queen's pawn, Mason variation"]
[ECO "D00"]
[NIC "QP.08"]
[Time "14:32:09"]
[PlyCount "107"]
[TimeControl "4500+10"]

1. d4 d5 2. Bf4 Nf6 3. e3 e6 4. Nf3 Bd6 5. Bg3 O-O 6. Bd3 h6 7. c3 b6 8.
Nbd2 Bb7 9. Qc2 Nbd7 10. O-O Rc8 11. Ne5 Bxe5 12. dxe5 Nh5 13. f4 Nxg3 14.
hxg3 c5 15. c4 Qc7 16. b3 a5 17. a4 Qd8 18. g4 Qh4 19. g5 dxc4 20. bxc4
hxg5 21. Be4 Bxe4 22. Nxe4 g4 23. g3 Qh7 24. Rf2 Qf5 25. Nd6 Qxc2 26. Rxc2
Rb8 27. Rh2 g6 28. Kg2 Kg7 29. Rah1 Rh8 30. Rxh8 Rxh8 31. Rxh8 Kxh8 32.
Nxf7+ Kg7 33. Ng5 Nf8 34. Kf2 Kh6 35. e4 Kg7 36. Ke3 Kh6 37. Nf7+ Kg7 38.
Nd6 Nd7 39. Ne8+ Kf7 40. Nd6+ Kg7 41. f5 gxf5 42. exf5 Nxe5 43. Ke4 Kf6 44.
Ne8+ Ke7 45. Kxe5 Kxe8 46. Kxe6 Kd8 47. f6 Ke8 48. Kd6 b5 49. axb5 a4 50.
b6 a3 51. b7 a2 52. b8=Q+ Kf7 53. Qa7+ Kxf6 54. Qxa2 { Black resigns } 1-0